 Dungeon Crawl Stone Soup version 0.30.1-11-g7821555f0a (webtiles) character file.

Game seed: 1058047755126841173

25617 Ijustatesigmund the Thaumaturge (level 12, -4/68 HPs)
             Began as a Deep Elf Earth Elementalist on Dec 6, 2023.
             Was an Elder of Vehumet.
             Hit by a large rock thrown by a cyclops (17 damage)
             ... on level 14 of the Dungeon on Dec 7, 2023.
             The game lasted 00:40:15 (21268 turns).

Ijustatesigmund the Thaumaturge (DEEE)             Turns: 21268, Time: 00:40:16

Health: -4/68      AC:  8    Str:  4    XL:     12   Next: 91%
Magic:  27/32      EV: 16    Int: 25    God:    Vehumet [****..]
Gold:   2024       SH:  0    Dex: 19    Spells: 30/39 levels left

rFire   . . .        B - +7 staff of the Meek {protect, meekguard}
rCold   . . .        (shield currently unavailable)
rNeg    . . .        a - +0 steam dragon scales
rPois   +            u - +2 helmet {SInv}
rElec   .            C - +0 cloak
rCorr   .            O - +1 pair of gloves
SInv    +            y - +0 pair of boots
Will    ++...        L - amulet of the acrobat
Stlth   +++++        k - ring of willpower
HPRegen 0.31/turn    (no ring)
MPRegen 0.23/turn

%: acrobat
@: corroded, very slightly contaminated, studying Axes
A: agile 1, poison resistance, MP-powered wands
a: Renounce Religion


You were on level 14 of the Dungeon.
You worshipped Vehumet.
Vehumet was greatly pleased with you.
You visited 2 branches of the dungeon, and saw 15 of its levels.
You also visited: Ossuary.

You collected 2024 gold pieces.

Inventory:

Hand Weapons
 d - a +0 rapier of protection
 n - a +1 flail of protection
 B - the +7 staff of the Meek (weapon) {protect, meekguard}
   (You found it on level 8 of the Dungeon)
Armour
 a - +0 steam dragon scales (worn)
 u - a +2 helmet of see invisible (worn)
 y - a +0 pair of boots (worn)
 C - a +0 cloak (worn)
 F - a +0 buckler
 O - a +1 pair of gloves (worn)
Jewellery
 k - a ring of willpower (left hand)
 t - the ring of the Raven {rPois rN++ Will+ Int-5}
   (You found it on level 7 of the Dungeon)

   [ring of willpower]

   Int:       It affects your intelligence (-5).
   rPois:     It protects you from poison.
   rN:        It greatly protects you from negative energy.
   Will:      It increases your willpower.
 L - an amulet of the acrobat (around neck)
Wands
 l - a wand of flame (24)
 z - a wand of polymorph (7)
 N - a wand of paralysis (7)
Scrolls
 f - 13 scrolls of teleportation
 j - 2 scrolls of fog
 m - a scroll of silence
 o - a scroll of magic mapping
 v - 2 scrolls of amnesia
 w - a scroll of immolation
 A - a scroll of summoning
 D - a scroll of fear
 G - a scroll of poison
 I - 2 scrolls of blinking
 M - 3 scrolls of identify
Potions
 b - a potion of magic
 c - 4 potions of curing
 e - a potion of invisibility
 g - 3 potions of cancellation
 h - a potion of haste
 i - 4 potions of lignification
 p - 2 potions of berserk rage
 q - 2 potions of ambrosia
 r - 2 potions of heal wounds
 s - 3 potions of resistance
 x - 3 potions of brilliance
 E - 2 potions of mutation
 K - a potion of attraction
Miscellaneous
 J - a piece from Xom's chessboard (15/15)


   Skills:
 - Level 5.1 Fighting
 - Level 3.2 Staves
 - Level 1.6 Armour
 - Level 6.3 Dodging
 + Level 9.7 Stealth
 - Level 14.0 Spellcasting
 - Level 10.0 Conjurations
 - Level 9.0 Transmutations
 - Level 10.8 Earth Magic
 - Level 2.9 Evocations


You had 30 spell levels left.
You knew the following spells:

 Your Spells              Type           Power      Damage    Failure   Level
a - Sandblast             Erth           100%       2d20      1%          1
b - Stone Arrow           Conj/Erth      100%       3d13      1%          3
c - Irradiate             Conj/Tmut      30%        3d21      1%          5

Your spell library contained the following spells:

 Spells                   Type           Power      Damage    Failure   Level
 Arcjolt                  Conj/Air       21%        1d31      3%          5
 Beastly Appendage        Tmut           100%       N/A       1%          1
 Passwall                 Tmut/Erth      50%        N/A       1%          2
 Wereblood                Tmut           58%        N/A       1%          2
 Spider Form              Tmut/Pois      40%        N/A       1%          3
 Petrify                  Tmut/Erth      61%        N/A       1%          4
 Blade Hands              Tmut           29%        N/A       2%          5
 Gell's Gravitas          Tloc           17%        N/A       10%         3
 Teleport Other           Tloc           17%        N/A       10%         3
 Conjure Ball Lightning   Conj/Air       21%        3x3d6     17%         6
 Dragon Form              Tmut           29%        N/A       56%         7
 Dispersal                Tloc           8%         N/A       99%         6
 Discord                  Hex            8%         N/A       100%        8
 Disjunction              Tloc           8%         N/A       100%        8


Dungeon Overview and Level Annotations

Branches:
Dungeon (14/15)            Temple (1/1) D:6            Lair (0/5) D:9
    Orc (0/2) D:9         Ossuary (visited)
 Vaults: D:13-14

Altars:
Ashenzari
Cheibriados
Dithmenos
Elyvilon
Fedhas
Gozag
Hepliaklqana
Kikubaaqudgha
Makhleb
Nemelex Xobeh
Okawaru
Qazlal
Ru
Sif Muna
Trog
Uskayaw
Vehumet
Wu Jian
Xom
Yredelemnul
Zin
The Shining One

Shops:
D:8 *


Innate Abilities, Weirdness & Mutations

You are agile. (Dex +4, Str/Int -1)
Your system is resistant to poisons. (rPois)
You expend magic power (3 MP) to strengthen your wands.


Message History

Press: ? - help, Shift-Dir - straight line, f - kobold brigand
Aim: a kobold brigand, wielding a +0 short sword and quivering poisoned darts (moderately wounded, 72% to hit)
The stone arrow hits the kobold brigand!!
You kill the kobold brigand!
Vehumet accepts your kill.
You feel your power returning.
You start resting.
Magic restored.
You start resting.
HP restored.
You start waiting.
Done waiting.
You climb downwards.
The kobold shouts!
You hear a shout!
The cyan ugly thing gurgles horribly!
The brown ugly thing misses you.
The cyan ugly thing kicks you but does no damage.
The brown ugly thing gores you. The acid corrodes you!
You are splashed with acid!
The cyan ugly thing tail-slaps you. The cyan ugly thing shocks you!
There is a stone staircase leading up, spattered with blood here.
Casting: Stone Arrow (safe; 1% risk of failure)
Confirm with . or Enter, or press ? or * to list all spells.
You erupt in a fountain of uncontrolled magic!
The cyan ugly thing is blasted with magical radiation!!
The cyan ugly thing is heavily wounded.
The cyan ugly thing basks in the mutagenic energy and changes!
The brown ugly thing is blasted with magical radiation!!!
The brown ugly thing is almost dead.
The cyan ugly thing is blasted with magical radiation!!
The cyan ugly thing is moderately wounded.
You are very lightly contaminated with residual magic.
The brown ugly thing gores you but does no damage.
The cyan ugly thing tail-slaps you! The cyan ugly thing shocks you!
* * * LOW HITPOINT WARNING * * *
The brown ugly thing misses you.
Blink to where?
Press: ? - help, Dir - move target
As you read the scroll of blinking, it crumbles to dust.
The cyclops throws a large rock.
The large rock hits you!
You die...

... ##.........
..####..##..........
.........#..........
........................
#................C......
#.......................
#.5.K# #.K...........?..
.).).## ##......@........
......###...(............
.....e)##.......K........
.........................
.......○☼........u.......
......#.........uu.......
#.....#..........§.......
#....#...................
.....#...................


You could see 3 ugly things, a cyclops, a kobold brigand and a kobold.

Vanquished Creatures
  Erolcha (D:10)
  A hydra (D:13)
  Erica (D:8)
  2 boulder beetles
  3 centaur warriors
  4 two-headed ogres
  A wizard (D:14)
  2 ugly things (D:13)
  A cyclops (D:13)
  A manticore (D:13)
  Joseph (D:7)
  2 gargoyles
  4 unseen horrors
  3 kobold demonologists
  A komodo dragon (D:11)
  3 tengu conjurers (D:13)
  2 trolls
  12 slime creatures
  A vampire (D:14)
  Eustachio (D:6)
  18 yaks
  5 wraiths
  A steam dragon (D:8)
  5 vampire mosquitoes
  Menkaure (D:7)
  2 acid dragons (D:13)
  A water moccasin (D:8)
  3 ice beasts
  6 black bears
  4 orc warriors
  3 centaurs (D:13)
  5 kobold brigands
  2 phantoms
  3 bullfrogs
  2 gnoll sergeants
  6 scorpions
  13 wights
  17 killer bees
  12 howler monkeys
  A jelly (D:5)
  8 orc priests
  A hound (D:3)
  4 iguanas
  2 gnoll boudas (D:9)
  13 orc wizards
  18 gnolls
  15 adders
  A shadow imp (D:7)
  A white imp (D:5)
  3 ufetubi
  An adder zombie (Ossuary)
  A worm (D:3)
  2 dart slugs
  36 orcs
  6 ball pythons
  7 bats
  7 endoplasms
  A giant cockroach (D:3)
  15 goblins
  11 hobgoblins
  7 jackals
  A quokka (D:1)
  3 ball python skeletons (Ossuary)
  A frilled lizard (D:1)
  A hobgoblin skeleton (Ossuary)
  15 kobolds
  2 kobold zombies (Ossuary)
  2 orc zombies (Ossuary)
  8 rats
350 creatures vanquished.

Notes
Turn   | Place    | Note
-------+----------+-------------------------------------------
     0 | D:1      | Ijustatesigmund the Deep Elf Earth Elementalist began the
                  | quest for the Orb.
     0 | D:1      | Reached XP level 1. HP: 10/10 MP: 6/6
   252 | D:1      | Reached XP level 2. HP: 15/15 MP: 5/8
   533 | D:1      | Reached skill level 4 in Spellcasting
   851 | D:1      | Reached XP level 3. HP: 19/19 MP: 8/10
   855 | D:1      | Learned a level 3 spell: Stone Arrow
  1616 | D:2      | Gained mutation: Your mind is acute. (Int +4, Str/Dex -1)
                  | [potion of mutation]
  1616 | D:2      | Gained mutation: You expend magic power (3 MP) to
                  | strengthen your wands. [potion of mutation]
  1617 | D:2      | Lost mutation: Your mind is acute. (Int +4, Str/Dex -1)
                  | [potion of mutation]
  1617 | D:2      | Lost mutation: You expend magic power (3 MP) to strengthen
                  | your wands. [potion of mutation]
  1617 | D:2      | Gained mutation: You are weak. (Str -2) [potion of
                  | mutation]
  1617 | D:2      | Gained mutation: You passively map a small area around you.
                  | [potion of mutation]
  1617 | D:2      | Gained mutation: Your system is resistant to poisons.
                  | (rPois) [potion of mutation]
  1618 | D:2      | Lost mutation: You are weak. (Str -2) [potion of mutation]
  1618 | D:2      | Lost mutation: You passively map a small area around you.
                  | [potion of mutation]
  1618 | D:2      | Gained mutation: You expend magic power (3 MP) to
                  | strengthen your wands. [potion of mutation]
  1618 | D:2      | Gained mutation: You are agile. (Dex +4, Str/Int -1)
                  | [potion of mutation]
  1652 | D:2      | Reached skill level 1 in Conjurations
  1953 | D:2      | Reached XP level 4. HP: 24/24 MP: 10/12
  2601 | D:3      | Found a faded altar of an unknown god.
  2647 | D:3      | Reached XP level 5. HP: 25/28 MP: 9/14
  2681 | D:3      | Found a shadowy altar of Dithmenos.
  2682 | D:3      | Found a hazy altar of Hepliaklqana.
  2685 | D:3      | Found a sacrificial altar of Ru.
  3165 | D:3      | Reached skill level 1 in Fighting
  3229 | D:3      | Reached skill level 5 in Spellcasting
  3370 | D:3      | Noticed a phantom
  3376 | D:3      | Killed a phantom
  3377 | D:3      | Reached XP level 6. HP: 22/34 MP: 10/15
  3803 | D:4      | Reached skill level 5 in Earth Magic
  4100 | D:4      | Reached skill level 6 in Spellcasting
  4100 | D:4      | Reached XP level 7. HP: 38/38 MP: 13/18
  4789 | D:5      | Entered Level 5 of the Dungeon
  4975 | D:5      | Reached skill level 1 in Evocations
  5462 | D:5      | Identified the +0 scale mail "Etaofu" {Int+4}
  5468 | D:5      | Found a blossoming altar of Fedhas.
  5674 | D:6      | Found a sand-covered staircase.
  5680 | Ossuary  | Entered an ossuary
  5719 | Ossuary  | Reached XP level 8. HP: 32/44 MP: 15/20
  5816 | Ossuary  | Reached skill level 7 in Spellcasting
  5859 | Ossuary  | Noticed a flying skull
  5893 | Ossuary  | Noticed a flying skull
  5932 | Ossuary  | Reached skill level 5 in Conjurations
  5977 | Ossuary  | Noticed a flying skull
  5982 | Ossuary  | Noticed a flying skull
  6404 | D:6      | Learned a level 5 spell: Irradiate
  6718 | D:6      | Noticed Eustachio
  6726 | D:6      | Killed Eustachio
  6727 | D:6      | Reached skill level 8 in Spellcasting
  6813 | D:6      | Found a staircase to the Ecumenical Temple.
  7403 | D:6      | Reached skill level 9 in Spellcasting
  7485 | D:6      | Reached XP level 9. HP: 49/49 MP: 14/24
  8543 | D:7      | Identified the ring of the Raven {rPois rN++ Will+ Int-5}
  8546 | D:7      | Noticed Menkaure
  8551 | D:7      | Killed Menkaure
  8788 | Temple   | Entered the Ecumenical Temple
  9096 | Temple   | Became a worshipper of Vehumet
  9172 | D:7      | Reached skill level 5 in Transmutations
  9207 | D:7      | Reached skill level 10 in Spellcasting
  9543 | D:7      | Reached * piety under Vehumet
  9543 | D:7      | Offered knowledge of Shock by Vehumet.
  9624 | D:7      | Found a shimmering altar of Xom.
  9698 | D:7      | Found a bloodstained altar of Trog.
  9924 | D:7      | Found a sparkling altar of Nemelex Xobeh.
 10165 | D:8      | Noticed Joseph
 10237 | D:7      | Killed Joseph
 10238 | D:7      | Reached skill level 5 in Dodging
 10431 | D:7      | Reached XP level 10. HP: 23/56 MP: 16/26
 10545 | D:8      | Found the +7 staff of the Meek {protect, meekguard}
 10703 | D:8      | Noticed Erica
 10712 | D:8      | Killed Erica
 10713 | D:8      | Reached skill level 1 in Staves
 10780 | D:8      | Noticed a two-headed ogre
 10806 | D:8      | Killed a two-headed ogre
 10807 | D:8      | Reached skill level 11 in Spellcasting
 11573 | D:8      | Found Kijes's Overcharged Wands.
 11931 | D:9      | Offered knowledge of Magic Dart by Vehumet.
 11934 | D:9      | Reached ** piety under Vehumet
 12165 | D:9      | Found a staircase to the Lair.
 12180 | D:10     | Entered Level 10 of the Dungeon
 12849 | D:9      | Found a staircase to the Orcish Mines.
 12891 | D:9      | Noticed a two-headed ogre
 12897 | D:9      | Killed a two-headed ogre
 13556 | D:10     | Reached XP level 11. HP: 56/62 MP: 9/28
 13811 | D:10     | Found an opulent altar of Gozag.
 14125 | D:10     | Reached skill level 1 in Armour
 14497 | D:10     | Identified the +2 flail "Mehessekh" {antimagic, Will+ rCorr
                  | Dex+2}
 14521 | D:10     | Identified a scroll of acquirement
 14521 | D:10     | Acquired 1151 gold pieces
 14571 | D:10     | Reached skill level 5 in Fighting
 14572 | D:10     | Offered knowledge of Hailstorm by Vehumet.
 14845 | D:10     | Noticed Erolcha
 14849 | D:10     | Killed Erolcha
 14850 | D:10     | Reached skill level 12 in Spellcasting
 15016 | D:10     | Found a burning altar of Makhleb.
 15241 | D:11     | Noticed a two-headed ogre
 15255 | D:11     | Killed a two-headed ogre
 15593 | D:11     | Reached *** piety under Vehumet
 16252 | D:11     | Noticed a boulder beetle
 16263 | D:11     | Killed a boulder beetle
 16436 | D:12     | Noticed a boulder beetle
 16452 | D:12     | Killed a boulder beetle
 17265 | D:12     | Reached skill level 13 in Spellcasting
 17393 | D:12     | Noticed a centaur warrior
 17399 | D:12     | Killed a centaur warrior
 17400 | D:12     | Reached skill level 10 in Earth Magic
 17400 | D:12     | Reached XP level 12. HP: 31/68 MP: 26/31
 17702 | D:12     | Offered knowledge of Flame Wave by Vehumet.
 18396 | D:13     | Noticed a centaur warrior
 18401 | D:13     | Noticed an eight-headed hydra
 18402 | D:13     | Killed a centaur warrior
 19419 | D:13     | Noticed a centaur warrior
 19429 | D:13     | Killed a centaur warrior
 19432 | D:13     | Reached skill level 10 in Conjurations
 19530 | D:13     | Reached skill level 14 in Spellcasting
 19765 | D:13     | Killed an eight-headed hydra
 19766 | D:13     | Reached skill level 5 in Stealth
 19915 | D:13     | Noticed a two-headed ogre
 19920 | D:13     | Killed a two-headed ogre
 20451 | D:14     | Reached **** piety under Vehumet
 20778 | D:14     | Offered knowledge of Arcjolt by Vehumet.
 21268 | D:14     | Hit by a large rock thrown by a cyclops

Illustrated notes

Levels and vault maps discovered:
D:1:      kilobyte_arrival_exit_the_forest, layout_basic, feat_on_display
D:2:      cheibrodos_greedy_goblins, layout_loops_corners
D:3:      layout_loops_corners, grunt_temple_overflow_open,
          basic_ecumenical_altar
D:4:      layout_basic, nicolae_titane
D:5:      layout_cave_pods, fedhas_altar_3, st_stairs_14,
          chequers_serial_rivers_room_b, chequers_avenue
D:6:      layout_layer_cave, minmay_temple_entry_grid,
          nicolae_ossuary_entry_plus, uniq_eustachio
D:7:      hellmonk_crumbling_castle, layout_basic, mainiacjoe_overflow_catwalk,
          mainiacjoe_overflow_catwalk_spiral, uniq_menkaure
D:8:      layout_rooms, nicolae_shop_overcharged_wands, uniq_joseph, uniq_erica
D:9:      layout_layer_cave, due_lair_maze_entry_diamond, david_orc_2
D:10:     layout_rooms, kennysheep_little_box, lemuel_doored_altar,
          st_stairs_12, uniq_erolcha
D:11:     layout_basic
D:12:     layout_irregular_city
D:13:     layout_irregular_city
D:14:     layout_layer_cave, grunt_vaults_entry_tiered,
          nicolae_wu_jian_immortal_techniques
Temple:   oiseaux_autumnal_temple

Skill      XL: |  1  2  3  4  5  6  7  8  9 10 11 12 |
---------------+-------------------------------------+-----
Spellcasting   | 4 5 6 9 10 11 13 14 | 14.0
Earth Magic    | 4 5 6 7 8 10 | 10.8
Conjurations   | 1 2 4 5 6 7 9 10 | 10.0
Fighting       | 1 2 3 4 5 |  5.1
Dodging        | 3 5 6 |  6.3
Evocations     | 1 2 |  2.9
Transmutations | 4 6 7 9 |  9.0
Staves         | 3 |  3.2
Armour         | 1 |  1.6
Stealth        | 9 |  9.7

Action                     |  1- 3 |  4- 6 |  7- 9 | 10-12 || total
---------------------------+-------+-------+-------+-------++-------
  Melee: Short sword       |     7 |       |       |       ||     7
         Flail             |       |       |     5 |       ||     5
         Quarterstaff      |       |       |       |    40 ||    40
   Cast: Sandblast         |    54 |    71 |   134 |    42 ||   301
         Stone Arrow       |       |       |    40 |   292 ||   332
         Irradiate         |       |       |       |    20 ||    20
  Evoke: Wand              |       |       |     1 |       ||     1
    Use: Scroll            |     3 |     4 |    14 |    10 ||    31
         Potion            |     3 |       |       |     5 ||     8
 Armour: Robe              |     5 |     3 |    12 |     4 ||    24
         Steam dragon scal |       |       |       |    41 ||    41
  Dodge: Dodged            |    16 |     8 |    53 |   153 ||   230
